cohdb
Replays
Latest Replays
All Replays
Popular Replays
Top Player Replays
Match Explorer
How It Works
Community
CoH3 Stats
Reddit
Sign in to upload your games and track your stats! →
Sign in with Steam
Match 42891835
Unlisted
Match 42891835
Overview
Messages
Build Orders
End
Engineer Squad
Construct Barracks
1⁄4-ton 4x4 Truck
Riflemen Squad
Riflemen Squad
Mechanized Support Center
Construct Weapon Support Center
M3 Armored Personnel Carrier
Selects Heavy Weapons
Selects Assault Carriers
M3 Assault Carrier
Selects Exchangeable Parts
M3 Assault Carrier
CROSS ARMY LLC
PumaDog
Cylar
JVM
Sepp
Malegan
爱捉弄人的高木同学
KneesShooter
0
0
Comments
sign in to comment!
No comments posted yet!